 Dungeon Crawl Stone Soup version 0.31-a0-1338-gb567cfdca4 (webtiles) character file.

Game seed: 18174497476092776344

485 Dordric the Changeling (level 6, -1/54 HPs)
             Began as a Troll Shapeshifter on Dec 22, 2023.
             Succumbed to a water moccasin's poison
             ... on level 4 of the Dungeon.
             The game lasted 00:03:01 (3500 turns).

Dordric the Changeling (Troll Shapeshifter)         Turns: 3500, Time: 00:03:01

Health: -1/54      AC:  4    Str: 31    XL:     6   Next: 88%
Magic:  5/5        EV: 10    Int:  6    God:
Gold:   107        SH:  0    Dex: 15    Spells: 5/5 levels left

rFire   . .          .
                       - Unarmed
rCold   . . .        (no shield)
rNeg    . . .        a - +0 animal skin
rPois   .            (helmet currently unavailable)
rElec   .            (cloak currently unavailable)
rCorr   .            (gloves unavailable)
SInv    .            (boots unavailable)
Will    .....        (no amulet)
Stlth   +            o - +6 ring of strength
HPRegen 1.09/turn    e - +6 ring of dexterity
MPRegen 0.09/turn

%: no passive effects
@: lethally poisoned (-1 -> -15), beast-form
A: beast (slay +4), large, unfitting armour, claws 3, regeneration 1, shaggy fur
1, tough skin 1
a: Begin Untransformation


You were on level 4 of the Dungeon.
You were a hulking beast.
You visited 1 branch of the dungeon, and saw 5 of its levels.

You collected 107 gold pieces.

Inventory:

Armour
 a - a +0 animal skin (worn)
Jewellery
 e - a +6 ring of dexterity (right claw)
 i - a ring of see invisible
 o - a +6 ring of strength (left claw)
 v - a ring of protection from cold
Talismans
 c - a beast talisman
 d - a flux talisman
Wands
 m - a wand of polymorph (6)
 p - a wand of iceblast (17)
 u - a wand of acid (14)
 x - a wand of flame (17)
Scrolls
 g - a scroll of torment {unknown}
 h - 2 scrolls of identify {unknown}
 j - 2 scrolls of silence {unknown}
 k - a scroll of enchant weapon {unknown}
 l - a scroll of teleportation {unknown}
 q - 2 scrolls of fog {unknown}
 r - a scroll of vulnerability {unknown}
 t - 2 scrolls of revelation {unknown}
 w - a scroll of enchant armour {unknown}
Potions
 b - a potion of lignification
 f - a potion of magic {unknown}
 s - a potion of haste


   Skills:
 - Level 0.7 Fighting
 - Level 1.5 Dodging
 - Level 3.0 Unarmed Combat
 + Level 7.3 Shapeshifting


You had 5 spell levels left.
You didn't know any spells.
Your spell library contained the following spells:

 Spells                   Type           Power      Damage    Failure   Level
 Sandblast                Erth           0%         2d4       45%         1
 Sting                    Conj/Alch      0%         1d3       45%         1
 Mercury Vapours          Alch/Air       0%         N/A       58%         2
 Passwall                 Alch/Erth      0%         N/A       58%         2
 Stone Arrow              Conj/Erth      0%         3d7       83%         3
 Brom's Barrelling Bould  Conj/Erth      0%         2d3       99%         4
 Olgreb's Toxic Radiance  Alch           0%         N/A       99%         4


Dungeon Overview and Level Annotations

Branches:
Dungeon (5/15)
 Temple: D:4-7

Altars:
Nemelex Xobeh
Wu Jian

Annotations:
D:5 Eustachio


Innate Abilities, Weirdness & Mutations

You are a hulking beast.
Your limbs bulge with bestial killing power. (Slay +4)
You are too large for most types of armour.
You have claws for hands.
Your natural rate of healing is unusually fast.
You are covered in fur. (AC +1)
You have tough skin. (AC +1)


Message History

The water moccasin poisons you!
You feel much better.
You feel very sick. The water moccasin bites you.
You are more poisoned.
The water moccasin poisons you! The water moccasin closely misses you.
You scratch the water moccasin.
The water moccasin is heavily wounded.
You feel very sick. The water moccasin closely misses you.
You closely miss the water moccasin.
The water moccasin is heavily wounded.
You feel very sick. The water moccasin bites you.
You are more poisoned.
The water moccasin poisons you! The water moccasin bites you.
You closely miss the water moccasin.
The water moccasin is heavily wounded.
You feel very sick. The water moccasin barely misses you.
You claw the water moccasin!
The water moccasin is almost dead.
You feel very sick. The water moccasin bites you.
You are lethally poisoned!
The water moccasin poisons you!
You barely miss the water moccasin.
The water moccasin is almost dead.
* * * LOW HITPOINT WARNING * * *
You feel extremely sick. The water moccasin closely misses you.
The water moccasin bites you.
* * * LOW HITPOINT WARNING * * *
You miss the water moccasin.
The water moccasin is almost dead.
* * * LOW HITPOINT WARNING * * *
You feel very sick. The water moccasin closely misses you.
You barely miss the water moccasin.
The water moccasin is almost dead.
You die...

....#8...8#..###..##..# #..####
..###.....##.###...#..# ##.## #
..##8.._......###....## #..# #
..###.....###..##.....####..### #
..###8...8####........##..#...###
....##...##.##..#.......)####....
.....##8##......#.....#..# ###..
.########............###.## ##.
## ##..........h....# ##.# #.
.####.....>....S....## #.## ##.
......#####..#####..# ##.####.#
.####.# #### ##.## #......# ##
#.# #..# #.####.# # ### ####
###.####.# # #..###...# # ####
#####


You could see a water moccasin.

Vanquished Creatures
  An ogre (D:4)
  A phantom (D:4)
  A scorpion (D:4)
  Ijyb (D:4)
  Terence (D:3)
  3 orc wizards
  4 adders
  A bombardier beetle (D:3)
  2 dart slugs
  14 orcs
  5 ball pythons
  5 bats
  3 endoplasms
  3 giant cockroaches
  15 goblins
  9 hobgoblins
  3 jackals (D:2)
  5 quokkas
  3 frilled lizards
  4 kobolds
  A rat (D:1)
85 creatures vanquished.

Notes
Turn   | Place    | Note
-------+----------+-------------------------------------------
     0 | D:1      | Dordric the Troll Shapeshifter began the quest for the Orb.
     0 | D:1      | Reached XP level 1. HP: 18/18 MP: 0/0
   236 | D:1      | Reached XP level 2. HP: 26/26 MP: 1/1
   806 | D:2      | Reached skill level 4 in Shapeshifting
   806 | D:2      | Reached XP level 3. HP: 32/32 MP: 2/2
  1314 | D:3      | Noticed Terence
  1321 | D:3      | Killed Terence
  1322 | D:3      | Reached XP level 4. HP: 33/40 MP: 3/3
  1451 | D:2      | Reached skill level 5 in Shapeshifting
  1712 | D:3      | Found a faded altar of an unknown god.
  1718 | D:3      | Found a sparkling altar of Nemelex Xobeh.
  1757 | D:3      | Reached XP level 5. HP: 18/46 MP: 4/4
  2098 | D:3      | Found a faded altar of an unknown god.
  2195 | D:4      | Noticed Ijyb
  2202 | D:4      | Killed Ijyb
  2240 | D:4      | Reached skill level 6 in Shapeshifting
  2285 | D:4      | Identified the +6 short sword "Transmigrator" {vamp, rElec
                  | rN+}
  2337 | D:4      | Reached XP level 6. HP: 29/54 MP: 5/5
  2470 | D:4      | Reached skill level 7 in Shapeshifting
  2606 | D:4      | Found an ornate altar of the Wu Jian Council.
  3475 | D:5      | Entered Level 5 of the Dungeon
  3479 | D:5      | Noticed Eustachio
  3479 | D:5      | Noticed a water moccasin
  3490 | D:5      | HP: 1/54 [water moccasin (2)]
  3500 | D:4      | Succumbed to a water moccasin's poison

Illustrated notes

Levels and vault maps discovered:
D:1:      lightli_arrival_maybe_door_vault, layout_loops_ring
D:2:      layout_basic, corexii_item_surrounded_by_moat,
          grunt_decor_mini_mirrors, chequers_serial_rivers_large_a
D:3:      kennysheep_the_goblin_king, layout_loops_ring,
          nicolae_overflow_ecumenical_swirl, basic_ecumenical_altar,
          nicolae_titane, uniq_terence
D:4:      layout_layer_cave, nzn_wu_jian_council_hall, uniq_ijyb
D:5:      layout_rooms, grunt_ministairs_12, uniq_eustachio

Skill      XL: |  1  2  3  4  5  6 |
---------------+-------------------+-----
Shapeshifting  | 4 5 6 7 |  7.3
Fighting       | |  0.7
Dodging        | |  1.5
Unarmed Combat | |  3.0

Action                     |  1- 3 |  4- 6 || total
---------------------------+-------+-------++-------
  Melee: Unarmed           |    65 |   131 ||   196
         Punch             |     1 |     1 ||     2
    Use: Potion            |       |     3 ||     3
   Stab: Sleeping          |     1 |       ||     1
         Distracted        |       |     1 ||     1
 Armour: Animal skin       |    41 |   106 ||   147
  Dodge: Dodged            |    29 |    59 ||    88

Table legend: (Time is in decaauts)
 A = Elapsed time spent in this place.
 B = Non-inter-level travel time spent in this place.
 C = Inter-level travel time spent in this place.
 D = Time resting spent in this place.
 E = Time spent auto-exploring this place.
 F = Levels seen in this place.
 G = Mean time per level.
                   A        B        C        D        E       F      G
               +--------+--------+--------+--------+--------+-----+--------+
         Total |   3472 |   3357 |    115 |    100 |   2756 |   5 |  694.4 |
       Dungeon |   3472 |   3357 |    115 |    100 |   2756 |   5 |  694.4 |
               +--------+--------+--------+--------+--------+-----+--------+

Top non-repeatable levels by time:
     D:4: 1340 daAuts
     D:2: 756 daAuts
     D:3: 683 daAuts
     D:1: 677 daAuts
     D:5: 15 daAuts
